 Dungeon Crawl Stone Soup version 0.29.1-1-gd02db6906a (webtiles) character file.

Game seed: 17137613270696675364

5384 MisterFreud the Cruncher (level 10, -2/80 HPs)
             Began as a Formicid Gladiator on Sept 30, 2022.
             Was an Initiate of Yredelemnul.
             Slain by a yak (10 damage)
             ... on level 8 of the Dungeon.
             The game lasted 00:12:46 (9934 turns).

MisterFreud the Cruncher (Formicid Gladiator)       Turns: 9934, Time: 00:12:47

Health: -2/80      AC: 13    Str: 22    XL:     10   Next: 98%
Magic:  0/17       EV: 12    Int: 13    God:    Yredelemnul [......]
Gold:   461        SH:  0    Dex: 20    Spells: 9/9 levels left

rFire   + + .      SeeInvis +   a - +1 quarterstaff (freeze)
rCold   . . .      Faith    .   (no shield)
rNeg    . . .      Spirit   +   v - +4 scale mail "Qoidif" {Int+6 SInv}
rPois   +          Reflect  .   (helmet unavailable)
rElec   .          Harm     .   y - +1 cloak of Oloutim {Contam rPois rF++ Dex+3}
rCorr   .          Rampage  .   (no gloves)
Will    +....                   (no boots)
Stlth   +.........              s - amulet of guardian spirit
HPRegen 0.23/turn               (no ring)
MPRegen 0.15/turn               (no ring)

@: no status effects
A: permanent stasis, dig shafts and tunnels, antennae 3, four strong arms,
sturdy frame 1
a: Dig, Shaft Self, Renounce Religion, Recall Undead Harvest


You were on level 8 of the Dungeon.
You worshipped Yredelemnul.
Yredelemnul was aware of your devotion.
You visited 2 branches of the dungeon, and saw 10 of its levels.

You collected 461 gold pieces.

Inventory:

Hand Weapons
 a - a +1 quarterstaff of freezing (weapon)
 k - a +2 demon trident of electrocution
 l - a +2 whip of venom
Missiles
 c - 3 throwing nets
 d - 4 javelins (quivered)
 p - 2 atropa-tipped darts
 u - 3 boomerangs
Armour
 q - a +0 cloak
 v - the +4 scale mail "Qoidif" (worn) {Int+6 SInv}
   (You found it on level 5 of the Dungeon)

   Int:       It affects your intelligence (+6).
   SInv:      It lets you see invisible.
 y - the +1 cloak of Oloutim (worn) {Contam rPois rF++ Dex+3}
   (You found it on level 8 of the Dungeon)

   Dex:       It affects your dexterity (+3).
   rF:        It greatly protects you from fire.
   rPois:     It protects you from poison.
   Contam:    It causes magical contamination when unequipped.
Jewellery
 s - an amulet of guardian spirit (around neck)
Wands
 b - a wand of polymorph (2)
 i - a wand of charming (13)
 j - a wand of mindburst (3)
Scrolls
 r - a scroll of amnesia
 x - a scroll of summoning
 z - a scroll of torment
Potions
 e - a potion of flight {unknown}
 f - a potion of berserk rage
 g - a potion of attraction
 h - 4 potions of might
 m - a potion of lignification
 n - a potion of magic
 o - a potion of heal wounds
 t - a potion of curing {unknown}
 w - a potion of ambrosia
 A - a potion of invisibility


   Skills:
 - Level 8.0 Fighting
 - Level 10.0 Staves
 - Level 2.0 Throwing
 - Level 5.0 Armour
 - Level 2.6 Dodging
 - Level 10.0 Invocations
 + Level 3.5 Evocations


You had 9 spell levels left.
You didn't know any spells.
Your spell library contained the following spells:

 Spells                   Type           Power      Damage    Failure   Level
 Shock                    Conj/Air       0%         1d3       50%         1
 Sublimation of Blood     Necr           0%         N/A       63%         2
 Airstrike                Air            0%         2d(0-16)  99%         4
 Petrify                  Tmut/Erth      0%         N/A       99%         4
 Irradiate                Conj/Tmut      0%         3d11      100%        5
 Swiftness                Air            Unusable   N/A       N/A         3

Dungeon Overview and Level Annotations

Branches:
Dungeon (9/15)             Temple (1/1) D:6
   Lair: D:8-11         Orc: D:9-12

Altars:
Cheibriados
Fedhas
Gozag
Makhleb
Okawaru
Qazlal
Sif Muna
Trog
Uskayaw
Vehumet
Wu Jian
Yredelemnul
Zin


Innate Abilities, Weirdness & Mutations

You cannot be hasted, slowed, berserked, paralysed or teleported.
You can dig through walls and to a lower floor.
You have a pair of large antennae on your head. (SInv)
Your four strong arms can wield two-handed weapons with a shield.
Your movements are slightly less encumbered by armour. (ER -2)


Message History

The yak is moderately wounded.
The yak gores you but does no damage.
You barely miss the yak.
The yak is moderately wounded.
You hit the yak. You freeze the yak.
The yak is heavily wounded.
The yak gores you. The yak attacks as you move away!
The yak closely misses you. The yak attacks as you move away!
The yak gores you. The yak attacks as you move away! The yak gores you!
You see here a potion of lignification.
Found a stone staircase leading down.
The yak attacks as you move away! The yak gores you!
The yak attacks as you move away! The yak gores you. x2
There is a stone staircase leading up here.
The yak gores you.
You climb upwards.
There is a stone staircase leading down here.
You are too injured to fight recklessly!
You are too injured to fight recklessly!
You are too injured to fight recklessly!
You are too injured to fight recklessly!
You sock the yak! You freeze the yak.
The yak is almost dead.
The yak gores you. The yak gores you!
You closely miss the yak.
The yak is almost dead.
The yak gores you!
* * * LOW HITPOINT WARNING * * *
The yak gores you!
* * * LOW HITPOINT WARNING * * *
You hit the yak. You freeze the yak.
The yak is almost dead.
The yak gores you.
* * * LOW HITPOINT WARNING * * *
The yak misses you.
Unknown command.
The yak attacks as you move away! The yak gores you!
You die...
Your body rises from the dead as a mindless zombie.

#8#8#8#8# #.#.#.{####.#
######### #.#Z#{## #.#
#.# #.#...{####.# #.#
##+#..Z..Z.#.# #.#
#......{##{#.# #.###
#......{{Z...#
#...###......)##Z####
###..Y.......)'......
#.@#.###....##.####
#####Y#+###...........
#..[.....##.....#...##
##........###.##....Z##
#........[..........Z#.
#...##...###[..##..#Z#.
#..###.#.#[#)#.###.#Z#.
#..###...#.#...###)#Z#.
#.....###...###....#.#.


You could see 2 yaks.

Vanquished Creatures
  Erica (D:8)
  5 yaks (D:8)
  Eustachio (D:4)
  A wyvern (D:7)
  2 steam dragons (D:7)
  Edmund (D:5)
  2 orc warriors
  A sky beast (D:8)
  2 ice beasts
  3 black bears
  2 centaurs (D:8)
  4 phantoms
  Blork the orc (D:6)
  A bullfrog (D:6)
  A scorpion (D:4)
  7 wights
  4 howler monkeys (D:8)
  4 hounds
  An orc priest (D:6)
  2 jellies
  5 iguanas
  5 orc wizards
  Robin (D:2)
  7 adders
  A gnoll (D:1)
  A shadow imp (D:5)
  2 white imps
  A worm (D:2)
  A dart slug (D:3)
  23 orcs
  3 ball pythons
  3 endoplasms
  8 giant cockroaches
  14 goblins
  4 hobgoblins
  10 kobolds
  A quokka (D:1)
  5 bats
  2 frilled lizards
  4 rats
147 creatures vanquished.

Vanquished Creatures (collateral kills)
  A two-headed ogre (D:8)
  A yak (D:8)
  A centaur (D:8)
  A necrophage (D:7)
  An orc (D:8)
5 creatures vanquished.

Vanquished Creatures (others)
  A human zombie (D:8)
  2 centaur zombies (D:8)
  A howler monkey zombie (D:8)
  A shadow imp (D:6)
  2 orc zombies (D:8)
  11 plants (D:8)
18 creatures vanquished.

Grand Total: 170 creatures vanquished

Notes
Turn   | Place    | Note
-------+----------+-------------------------------------------
     0 | D:1      | MisterFreud the Formicid Gladiator began the quest for the
                  | Orb.
     0 | D:1      | Reached XP level 1. HP: 16/16 MP: 1/1
    24 | D:1      | Reached XP level 2. HP: 3/22 MP: 2/2
   517 | D:1      | Reached XP level 3. HP: 25/27 MP: 3/3
   904 | D:2      | Reached XP level 4. HP: 20/33 MP: 4/4
  1155 | D:2      | Reached skill level 5 in Staves
  1449 | D:2      | Noticed Robin
  1512 | D:2      | Killed Robin
  1527 | D:2      | Reached XP level 5. HP: 28/38 MP: 5/5
  2345 | D:3      | Found an ornate altar of the Wu Jian Council.
  2345 | D:3      | Found a blossoming altar of Fedhas.
  2740 | D:4      | Reached skill level 1 in Armour
  2899 | D:4      | Noticed Edmund
  3366 | D:4      | Reached XP level 6. HP: 42/46 MP: 6/6
  3437 | D:4      | Noticed Eustachio
  3460 | D:4      | Killed Eustachio
  3461 | D:4      | Reached XP level 7. HP: 24/53 MP: 7/7
  3814 | D:5      | Entered Level 5 of the Dungeon
  4061 | D:5      | Identified the +4 scale mail "Qoidif" {Int+6 SInv}
  4473 | D:5      | Killed Edmund
  4474 | D:5      | Reached skill level 5 in Fighting
  4546 | D:5      | Reached skill level 5 in Armour
  4546 | D:5      | Reached XP level 8. HP: 58/62 MP: 8/8
  5162 | D:6      | Noticed Blork the orc
  5173 | D:6      | Killed Blork the orc
  5405 | D:6      | Found a staircase to the Ecumenical Temple.
  5418 | Temple   | Entered the Ecumenical Temple
  5454 | Temple   | Became a worshipper of Yredelemnul the Dark
  5656 | D:6      | Reached XP level 9. HP: 61/68 MP: 7/9
  5758 | D:6      | Reached * piety under Yredelemnul
  5954 | D:6      | Found a burning altar of Makhleb.
  6509 | D:7      | Reached skill level 10 in Staves
  6697 | D:7      | Reached skill level 1 in Invocations
  6916 | D:7      | Reached ** piety under Yredelemnul
  7860 | D:8      | Found a glowing silver altar of Zin.
  8002 | D:8      | Reached skill level 5 in Invocations
  8017 | D:8      | Noticed a two-headed ogre
  8334 | D:8      | Reached XP level 10. HP: 74/78 MP: 11/13
  8466 | D:8      | Noticed Erica
  8484 | D:8      | Killed Erica
  8731 | D:8      | Identified the +3 hat of Ryvukh {rF- rCorr Dex+2 Stlth+}
  8761 | D:8      | Reached *** piety under Yredelemnul
  8780 | D:8      | Identified the +1 cloak of Oloutim {Contam rPois rF++
                  | Dex+3}
  8789 | D:8      | Your ally Erica died
  8815 | D:8      | Gained mutation: Your movements are slightly less
                  | encumbered by armour. (ER -2) [potion of mutation]
  9004 | D:8      | Killed a two-headed ogre
  9445 | D:8      | Reached skill level 10 in Invocations
  9470 | D:8      | Reached **** piety under Yredelemnul
  9934 | D:8      | Slain by a yak

Illustrated notes

Levels and vault maps discovered:
D:1:      heliophobic_arrival_battle_scene, layout_basic
D:2:      layout_rooms, amcnicky_mini_corridor_feature, hangedman_decor_push,
          uniq_robin
D:3:      layout_loops_ring, gammafunk_temple_overflow_elements
D:4:      layout_basic, uniq_eustachio, uniq_edmund
D:5:      layout_basic
D:6:      layout_loops_ring, makhleb_heckhound_becter,
          minmay_temple_entry_waves, corexii_hall_statues_i,
          lemuel_flamethrower_2, uniq_blork_the_orc
D:7:      layout_basic, minmay_misc_feat_pillars
D:8:      layout_basic, mainiacjoe_overflow_cross_hatched,
          minmay_misc_feat_hallway, minmay_starry_boxes, uniq_erica
D:9:      layout_irregular_city, amethyst_overflow_temple_binary,
          introduction_to_nature_2
Temple:   nicolae_temple_superstar

Skill      XL: |  1  2  3  4  5  6  7  8  9 10 |
---------------+-------------------------------+-----
Staves         | 4 5 6 8 10 | 10.0
Armour         | 2 3 5 |  5.0
Fighting       | 3 5 7 8 |  8.0
Invocations    | 5 10 | 10.0
Evocations     | 3 |  3.5
Throwing       | |  2.0
Dodging        | |  2.6

Action                   |  1- 3 |  4- 6 |  7- 9 | 10-12 || total
-------------------------+-------+-------+-------+-------++-------
Melee: Quarterstaff      |    53 |   144 |   285 |   120 ||   602
       Punch             |       |     2 |     1 |     2 ||     5
       Unarmed           |       |       |     8 |       ||     8
Throw: Javelin           |       |     3 |       |       ||     3
Invok: Recall Undead Har |       |       |       |     1 ||     1
Evoke: Wand              |       |       |     2 |     4 ||     6
  Use: Scroll            |       |     5 |     7 |     1 ||    13
       Potion            |       |       |       |     8 ||     8
 Stab: Confused          |       |       |     1 |       ||     1
Armor: Leather armour    |     6 |    14 |       |       ||    20
       Scale mail        |       |    38 |   103 |    34 ||   175
       Skin              |       |       |     1 |    14 ||    15
Dodge: Dodged            |    39 |    70 |   120 |    57 ||   286
